[Event "Titled Tuesday Blitz May 2 Early 2023"]
[White "Madaminov, Mukhiddin"]
[Black "Cherniaiev, Tykhon"]
[WhiteFideId "14210703"]
[BlackFideId "14182360"]
[WhiteElo "2511"]
[BlackElo "2450"]
[Result "1-0"]
[Round "10"]
[TimeControl "180+2"]
[Date "2023.05.03"]
[WhiteClock "0:00:00"]
[BlackClock "0:00:00"]

1. d4 Nf6 2. Nc3 d5 3. Bf4 c5 4. e4 Nxe4 5. Nxe4 dxe4 6. dxc5 Qa5+ 7. c3 Qxc5 8. Qa4+ Nc6 9. Qxe4 g6 10. Nf3 Bg7 11. Qe3 Qxe3+ 12. Bxe3 a6 13. O-O-O Bg4 14. Bc4 O-O 15. h3 Bxf3 16. gxf3 Rfd8 17. Bb6 Rdc8 18. Kb1 e6 19. Bb3 Ne5 20. f4 Nc4 21. Bxc4 Rxc4 22. Rd7 Rxf4 23. Rxb7 h5 24. Kc2 Rf3 25. Kd2 Rf5 26. a4 Bh6+ 27. Kc2 Rf3 28. c4 Bg7 29. Be3 h4 30. b4 Rc8 31. c5 Bf8 32. Ra7 Rb8 33. Kc3 Bh6 34. Rxa6 Bxe3 35. fxe3 Rxe3+ 36. Kd4 Rb3 37. b5 Rb4+ 38. Kc3 Rf4 39. c6 Kg7 40. c7 Rh8 41. Rc6 Rc8 42. b6 Rxa4 43. b7 Rxc7 44. Rxc7 Ra3+ 45. Kb2 Rg3 46. b8=Q Rg2+ 47. Rc2 Rg3 48. Qe5+ Kh7 49. Rc8 Rf3 50. Rh8# 1-0


[Site "https://www.chess.com"]

[Event "Titled Tuesday Blitz May 2 Early 2023"]
[White "Suleymanli, Aydin"]
[Black "Soham Kamotra"]
[WhiteFideId "13413937"]
[BlackFideId "46647490"]
[WhiteElo "2559"]
[BlackElo "2209"]
[Result "1-0"]
[Round "10"]
[TimeControl "180+2"]
[Date "2023.05.03"]
[WhiteClock "0:00:00"]
[BlackClock "0:00:00"]

1. e4 c6 2. Nf3 d5 3. Nc3 Bg4 4. h3 Bxf3 5. Qxf3 e6 6. g3 Nf6 7. Bg2 dxe4 8. Nxe4 Nxe4 9. Qxe4 Qd5 10. d4 Nd7 11. O-O Qxe4 12. Bxe4 Bd6 13. a4 a5 14. c3 O-O-O 15. Kg2 Nf6 16. Bf3 Kc7 17. Re1 Rhe8 18. Bg5 h6 19. Be3 Nd5 20. Bd2 e5 21. c4 Nb4 22. c5 Bf8 23. Bxb4 axb4 24. dxe5 Bxc5 25. Re2 Bd4 26. Rae1 Ra8 27. e6 Rxe6 28. Rxe6 fxe6 29. b3 e5 30. Re2 Ra5 31. Be4 Kb6 32. Rc2 Ra8 33. h4 Rd8 34. Rd2 Rf8 35. Bd3 Bc3 36. Re2 Kc5 37. Re4 Rd8 38. Bc4 Rd2 39. Rg4 Bd4 40. Rxg7 Rxf2+ 41. Kh3 b6 42. g4 e4 43. Re7 e3 44. g5 hxg5 45. hxg5 Rf5 46. Kg4 Re5 47. Rxe5+ Bxe5 48. Kf5 Kd4 49. Ke6 Ke4 50. g6 Bc3 51. Kd7 Bd4 52. Kxc6 Kf3 53. Kd5 1-0


[Site "https://www.chess.com"]

[Event "Titled Tuesday Blitz May 2 Early 2023"]
[White "Hnydiuk, Aleksander"]
[Black "Galchenko, Matvey"]
[WhiteFideId "1109057"]
[BlackFideId "24175480"]
[WhiteElo "2374"]
[BlackElo "2423"]
[Result "0-1"]
[Round "10"]
[TimeControl "180+2"]
[Date "2023.05.03"]
[WhiteClock "0:00:00"]
[BlackClock "0:00:00"]

1. g3 c5 2. Bg2 g6 3. c3 Nf6 4. d4 Qc7 5. e4 d6 6. Ne2 Bg7 7. O-O O-O 8. h3 Nc6 9. Be3 b6 10. a4 Bb7 11. Na3 a6 12. Rc1 Rfd8 13. b4 b5 14. axb5 axb5 15. Qb3 c4 16. Qb2 Ba6 17. f4 d5 18. e5 Ne4 19. f5 gxf5 20. Rxf5 e6 21. Rf4 Ne7 22. Nb1 Bb7 23. Nd2 Nf5 24. Nxe4 dxe4 25. Rxf5 exf5 26. Rf1 Ra6 27. Rxf5 Rda8 28. Nc1 Qd7 29. Qf2 Ra3 30. Ne2 Ra2 31. Bf1 R8a6 32. Qf4 Bc8 33. Rh5 Rg6 34. g4 f6 35. Ng3 fxe5 36. Qxe4 Bb7 37. Qf5 Qc6 38. h4 Rg2+ 39. Kh1 Rxg3+ 0-1


[Site "https://www.chess.com"]

[Event "Titled Tuesday Blitz May 2 Early 2023"]
[White "Djokic, Mihailo"]
[Black "Martinez Alcantara, Jose Eduardo"]
[WhiteFideId "976440"]
[BlackFideId "3805662"]
[WhiteElo "2294"]
[BlackElo "2711"]
[Result "0-1"]
[Round "10"]
[TimeControl "180+2"]
[Date "2023.05.03"]
[WhiteClock "0:00:00"]
[BlackClock "0:00:01"]

1. e4 c5 2. Nf3 d6 3. d4 cxd4 4. Nxd4 a6 5. Be2 Nf6 6. Nc3 e6 7. g4 h6 8. h4 b5 9. Bf3 Nfd7 10. e5 d5 11. Nxd5 Ra7 12. Be3 Nxe5 13. Nxb5 axb5 14. Bxa7 Qa5+ 15. c3 Qxa7 16. Ne3 Bc5 17. Be2 Bd7 18. Qd2 Bc6 19. O-O Nbd7 20. b4 Bb6 21. a4 bxa4 22. b5 Ba8 23. c4 Qb7 24. f3 Nc5 25. Kh2 O-O 26. Qc3 Qb8 27. f4 Ng6 28. Kg3 Ne4+ 0-1


[Site "https://www.chess.com"]

[Event "Titled Tuesday Blitz May 2 Early 2023"]
[White "Sarana, Alexey"]
[Black "Golichenko, Ilija"]
[WhiteFideId "24133795"]
[BlackFideId "14117223"]
[WhiteElo "2714"]
[BlackElo "2339"]
[Result "1-0"]
[Round "10"]
[TimeControl "180+2"]
[Date "2023.05.03"]
[WhiteClock "0:00:00"]
[BlackClock "0:00:00"]

1. d4 Nf6 2. c4 e6 3. Nc3 Bb4 4. e3 O-O 5. Bd3 d5 6. a3 Bxc3+ 7. bxc3 c5 8. cxd5 exd5 9. Ne2 c4 10. Bc2 Re8 11. f3 Nbd7 12. g4 Nf8 13. Ng3 Qa5 14. Bd2 Ng6 15. O-O Qc7 16. g5 Nd7 17. e4 dxe4 18. fxe4 b6 19. Qh5 Bb7 20. Rae1 Rad8 21. Nf5 Nc5 22. d5 Nd3 23. Bxd3 cxd3 24. Rf3 Qc5+ 25. Kf1 Qxa3 26. Rh3 Nf8 27. Rf3 Qa2 28. Nh6+ gxh6 29. Qxf7+ Kh8 30. gxh6 1-0


[Site "https://www.chess.com"]

[Event "Titled Tuesday Blitz May 2 Early 2023"]
[White "Gabrielian, Artur"]
[Black "Lenaerts, Lennert"]
[WhiteFideId "4131002"]
[BlackFideId "211435"]
[WhiteElo "2432"]
[BlackElo "2334"]
[Result "0-1"]
[Round "10"]
[TimeControl "180+2"]
[Date "2023.05.03"]
[WhiteClock "0:00:00"]
[BlackClock "0:00:00"]

1. d4 d5 2. Bg5 f6 3. Bd2 c5 4. e3 Nc6 5. Nf3 Bf5 6. dxc5 e5 7. b4 a5 8. b5 Nb4 9. Bxb4 axb4 10. c6 bxc6 11. bxc6 Ne7 12. Nbd2 Nxc6 13. Bb5 Qb6 14. Qe2 Be7 15. Nh4 Be6 16. g4 g6 17. Rg1 O-O 18. Nf5 Bc5 19. Nb3 Kh8 20. Bxc6 Qxc6 21. Nh4 Be7 22. Nf3 d4 23. Nfd2 Qxc2 24. exd4 Bc4 25. Qxc4 Qb2 26. Rb1 Qxa2 27. dxe5 fxe5 28. Qe4 Bg5 29. Rg3 Rad8 30. Rd3 Rxd3 31. Qxd3 Rd8 32. Qe4 Bxd2+ 33. Nxd2 Qxd2+ 34. Kf1 Qd4 35. Qb7 Qd3+ 36. Kg2 Qxb1 37. Qe7 Qe4+ 38. f3 Rd2+ 39. Kh3 Qxf3+ 40. Kh4 Rxh2+ 41. Kg5 Qf4# 0-1


[Site "https://www.chess.com"]

[Event "Titled Tuesday Blitz May 2 Early 2023"]
[White "Molina, Roberto Junio Brito"]
[Black "Novik, Maxim"]
[WhiteFideId "2109450"]
[BlackFideId "4102924"]
[WhiteElo "2376"]
[BlackElo "2287"]
[Result "1-0"]
[Round "10"]
[TimeControl "180+2"]
[Date "2023.05.03"]
[WhiteClock "0:00:01"]
[BlackClock "0:00:01"]

1. d4 Nf6 2. c4 g6 3. Nc3 d5 4. Nf3 Bg7 5. Qb3 dxc4 6. Qxc4 O-O 7. e4 Na6 8. e5 Nd7 9. Be3 Nb6 10. Qb3 Be6 11. Qd1 c5 12. dxc5 Nd7 13. c6 Nxe5 14. cxb7 Nxf3+ 15. gxf3 Rb8 16. Qxd8 Rfxd8 17. Bxa6 1-0


[Site "https://www.chess.com"]

[Event "Titled Tuesday Blitz May 2 Early 2023"]
[White "Bacallao Alonso, Yusnel"]
[Black "Iskusnyh, Sergei"]
[WhiteFideId "3507416"]
[BlackFideId "4120027"]
[WhiteElo "2561"]
[BlackElo "2492"]
[Result "0-1"]
[Round "10"]
[TimeControl "180+2"]
[Date "2023.05.03"]
[WhiteClock "0:00:00"]
[BlackClock "0:00:00"]

1. d4 d5 2. c4 c6 3. cxd5 cxd5 4. Bf4 Nc6 5. e3 Bf5 6. Nc3 e6 7. Nf3 Bd6 8. Bg5 Nf6 9. Qb3 O-O 10. Be2 Nb4 11. Rc1 Nd3+ 12. Bxd3 Bxd3 13. Bxf6 Qxf6 14. Nxd5 Qg6 15. Kd2 Ba6 16. Ne5 Qxg2 17. Kc2 Bxe5 18. Ne7+ Kh8 19. dxe5 Qe4+ 0-1


[Site "https://www.chess.com"]

[Event "Titled Tuesday Blitz May 2 Early 2023"]
[White "Kleiman, Jake"]
[Black "Zhao, Jun"]
[WhiteFideId "2020041"]
[BlackFideId "8602522"]
[WhiteElo "2399"]
[BlackElo "2547"]
[Result "1-0"]
[Round "10"]
[TimeControl "180+2"]
[Date "2023.05.03"]
[WhiteClock "0:00:00"]
[BlackClock "0:00:00"]

1. e4 e5 2. Nf3 Nc6 3. Bc4 Nf6 4. d3 Bc5 5. c3 d6 6. Bb3 O-O 7. O-O a6 8. h3 Ba7 9. Re1 Ne7 10. Nbd2 Ng6 11. Nf1 c5 12. Ng3 b5 13. Be3 h6 14. d4 c4 15. Bc2 Qc7 16. Qd2 Kh7 17. Rad1 Re8 18. Nf5 Bxf5 19. exf5 Nf8 20. g4 e4 21. Nh2 d5 22. Bf4 Qe7 23. f3 Bb8 24. fxe4 Nxe4 25. Bxe4 dxe4 26. Nf1 Nd7 27. Ng3 Nf6 28. Bxb8 Raxb8 29. Qf4 e3 30. d5 Qc5 31. d6 b4 32. Re2 bxc3 33. bxc3 Nd5 34. Qd4 Qxd4 35. Rxd4 Nxc3 36. Re1 Nb5 37. Rxc4 Nxd6 38. Rc3 Rb2 39. a3 e2 40. Kf2 Nb5 41. Rd3 Ra2 42. Rxe2 Rexe2+ 43. Nxe2 Rxa3 44. Rd7 Rxh3 45. Rxf7 Nd6 46. Re7 Rd3 47. Nf4 Rd4 48. Ke3 Ra4 49. Kf3 Nc4 50. Ng6 Nd2+ 51. Kg3 Ra3+ 52. Kg2 Ra4 53. Kg3 Ra3+ 54. Kf2 Ra2 55. Re8 Ne4+ 56. Ke1 1-0


[Site "https://www.chess.com"]

[Event "Titled Tuesday Blitz May 2 Early 2023"]
[White "Leenhouts, Koen"]
[Black "Klukin, Kirill"]
[WhiteFideId "1008439"]
[BlackFideId "24199273"]
[WhiteElo "2409"]
[BlackElo "2344"]
[Result "0-1"]
[Round "10"]
[TimeControl "180+2"]
[Date "2023.05.03"]
[WhiteClock "0:00:00"]
[BlackClock "0:00:00"]

1. e4 d6 2. d4 f5 3. exf5 Bxf5 4. Bd3 Qd7 5. Nf3 Nf6 6. O-O Nc6 7. Re1 O-O-O 8. Bxf5 Qxf5 9. Nc3 e5 10. d5 Ne7 11. Be3 Kb8 12. Qd2 g5 13. Bxa7+ Kxa7 14. Nb5+ Kb8 15. Qa5 Nfxd5 16. Qa7+ Kc8 17. Qa8+ Kd7 18. Qxb7 g4 19. Nh4 Qf6 20. c4 Nf4 21. Rad1 Ke8 22. Nxc7+ Kf7 23. g3 Nh3+ 24. Kg2 Bh6 25. f3 Rb8 26. Qe4 Rxb2+ 27. Re2 Ng5 28. Rxb2 gxf3+ 29. Qxf3 Nxf3 30. Nxf3 Rc8 31. Rb7 Kg8 32. Rf1 Qg6 33. Nb5 Nf5 0-1


[Site "https://www.chess.com"]

[Event "Titled Tuesday Blitz May 2 Early 2023"]
[White "Ibadov, Dashgyn"]
[Black "Fernandez Guillen, Ernesto J."]
[WhiteFideId "24107514"]
[BlackFideId "3512428"]
[WhiteElo "2208"]
[BlackElo "2423"]
[Result "0-1"]
[Round "10"]
[TimeControl "180+2"]
[Date "2023.05.03"]
[WhiteClock "0:00:00"]
[BlackClock "0:00:00"]

1. d4 Nf6 2. Nf3 e6 3. Bf4 b6 4. e3 Bb7 5. Nbd2 h6 6. h3 g5 7. Bh2 Bg7 8. Bd3 O-O 9. c3 d6 10. Qc2 Nbd7 11. O-O-O a6 12. h4 g4 13. Ne1 b5 14. f3 Nb6 15. e4 c5 16. dxc5 dxc5 17. e5 Nfd5 18. fxg4 Ne3 19. Bh7+ Kh8 20. Qd3 Qxd3 21. Bxd3 Nxd1 22. Kxd1 Rad8 23. Be2 Nd5 24. Kc1 Ne3 25. Bg1 Nxg2 26. Nxg2 Bxg2 27. Rh2 Bb7 28. Bxc5 Bxe5 29. Rf2 Bg3 30. Rf1 Bxh4 31. Bxf8 Rxf8 32. Bf3 Bxf3 33. Nxf3 Be7 34. Kc2 Kg7 35. a4 bxa4 36. Ra1 a3 37. bxa3 Rc8 38. Nd2 Bf6 39. Ne4 Rc4 40. Kd3 Ra4 41. Nxf6 Kxf6 42. c4 Ke5 43. Kc3 Kd6 44. Kb3 Ra5 45. Rf1 f5 46. gxf5 Rxf5 47. Rd1+ Ke7 48. Kb4 a5+ 0-1


[Site "https://www.chess.com"]

[Event "Titled Tuesday Blitz May 2 Early 2023"]
[White "Garv Gaur"]
[Black "Bolourchifard, Farzad"]
[WhiteFideId "45030839"]
[BlackFideId "12510084"]
[WhiteElo "2068"]
[BlackElo "2317"]
[Result "0-1"]
[Round "10"]
[TimeControl "180+2"]
[Date "2023.05.03"]
[WhiteClock "0:00:00"]
[BlackClock "0:00:00"]

1. Nf3 d5 2. g3 Nf6 3. Bg2 Bf5 4. O-O e6 5. d3 h6 6. b3 Be7 7. Bb2 Nbd7 8. c4 c6 9. Nbd2 O-O 10. Re1 Bh7 11. e4 Nc5 12. e5 Nfd7 13. Nf1 Nxd3 14. Re2 Nxb2 15. Rxb2 a5 16. Ne3 Ba3 17. Re2 a4 18. bxa4 Qa5 19. Qb3 Bb4 20. Nc2 Bc3 21. Rb1 Nc5 22. Qa3 d4 23. Rd1 Bxc2 24. Rxc2 Qxa4 25. Qxa4 Rxa4 26. Nxd4 Bxd4 27. Rxd4 Rfa8 28. Rdd2 Rb4 29. Rb2 Rxb2 30. Rxb2 Ra4 31. Bf1 Kf8 32. f3 Ke7 33. Kf2 Kd8 34. Ke3 Kc7 35. Kd4 Nd7 36. Kc3 Nxe5 37. Be2 Ra3+ 38. Kd4 Nxf3+ 39. Ke4 Ng5+ 40. Ke5 f6+ 41. Kf4 g6 42. h4 e5+ 43. Kg4 h5# 0-1


[Site "https://www.chess.com"]

[Event "Titled Tuesday Blitz May 2 Early 2023"]
[White "Colas, Joshua"]
[Black "Chernomordik, Pavel"]
[WhiteFideId "2044447"]
[BlackFideId "2804530"]
[WhiteElo "2347"]
[BlackElo "2193"]
[Result "1-0"]
[Round "10"]
[TimeControl "180+2"]
[Date "2023.05.03"]
[WhiteClock "0:00:00"]
[BlackClock "0:00:00"]

1. b3 g6 2. Bb2 Nf6 3. Bxf6 exf6 4. c4 d5 5. cxd5 Qxd5 6. Nc3 Qd6 7. Nf3 c5 8. g3 f5 9. Bg2 Nc6 10. O-O Bg7 11. Rc1 O-O 12. d3 a6 13. Na4 f4 14. Nxc5 fxg3 15. hxg3 Re8 16. Ne4 Qe7 17. Re1 Bf5 18. Nc3 Rad8 19. Qd2 Qb4 20. Na4 Qd6 21. Nc5 Re7 22. Nh4 Bc8 23. Nxa6 Nd4 24. Nc5 Bg4 25. e3 g5 26. exd4 gxh4 27. Nxb7 Rxb7 28. Bxb7 hxg3 29. fxg3 Qxg3+ 30. Qg2 Bxd4+ 31. Kh1 Qh4+ 32. Qh2 Qf6 33. Qg3 Qh6+ 34. Kg2 Qd2+ 35. Kf1 h5 36. Rc8 Rxc8 37. Bxc8 1-0


[Site "https://www.chess.com"]

[Event "Titled Tuesday Blitz May 2 Early 2023"]
[White "Makhmudov, Shukhrat"]
[Black "Girish, A. Koushik"]
[WhiteFideId "14200775"]
[BlackFideId "5038448"]
[WhiteElo "2135"]
[BlackElo "2398"]
[Result "0-1"]
[Round "10"]
[TimeControl "180+2"]
[Date "2023.05.03"]
[WhiteClock "0:00:00"]
[BlackClock "0:00:00"]

1. e4 e5 2. Nf3 Nc6 3. Bb5 a6 4. Ba4 d6 5. d4 Bd7 6. d5 Nce7 7. Bxd7+ Qxd7 8. O-O h6 9. c4 f5 10. Nc3 Nf6 11. Qc2 f4 12. c5 g5 13. Qb3 Rb8 14. cxd6 cxd6 15. Nd2 Ng6 16. a4 Nh4 17. f3 g4 18. a5 Rg8 19. Kf2 gxf3 20. gxf3 Qh3 21. Ke1 Ng2+ 22. Ke2 Ne3 23. Rf2 Rg2 24. Nd1 Nxd1 25. Qxd1 Rxf2+ 26. Kxf2 Qxh2+ 27. Ke1 Be7 28. Qe2 Qh1+ 29. Qf1 Qh4+ 30. Qf2 Nd7 31. Ke2 Rc8 32. Qxh4 Bxh4 33. Kd3 Nc5+ 34. Ke2 Nd7 35. Kd3 Bf2 36. b4 Bd4 37. Rb1 Rc3+ 38. Ke2 Re3+ 39. Kf1 Ke7 40. Rb3 Bc3 41. Rb1 Bxd2 42. Bxd2 Rxf3+ 43. Ke2 Rh3 44. Rc1 Kd8 45. Rg1 Nf6 46. Rg7 Nxe4 47. Be1 Kc8 48. Rh7 f3+ 49. Kf1 Rh1# 0-1


[Site "https://www.chess.com"]

[Event "Titled Tuesday Blitz May 2 Early 2023"]
[White "Deac, Bogdan-Daniel"]
[Black "Rom, Jasper"]
[WhiteFideId "1226380"]
[BlackFideId "2023733"]
[WhiteElo "2649"]
[BlackElo "2233"]
[Result "1-0"]
[Round "10"]
[TimeControl "180+2"]
[Date "2023.05.03"]
[WhiteClock "0:00:00"]
[BlackClock "0:00:00"]

1. b3 Nf6 2. Bb2 b6 3. c4 Bb7 4. Nc3 e6 5. Nf3 d5 6. cxd5 exd5 7. e3 Nbd7 8. d4 Bd6 9. g3 O-O 10. Bg2 a6 11. O-O Re8 12. Rc1 Qe7 13. Ne2 Ne4 14. Nf4 Ndf6 15. Ne5 c5 16. h4 b5 17. Kh2 c4 18. f3 c3 19. Bxc3 Nxc3 20. Rxc3 Bxe5 21. dxe5 Qxe5 22. Qd2 Rad8 23. Rd3 h6 24. Ne2 Nh5 25. Rd1 Rd6 26. Qc3 Qe7 27. e4 Rc6 28. Qd2 dxe4 29. Rd7 Qe5 30. Rxb7 Rf6 31. f4 Qe6 32. Bh3 Qc6 33. Rd7 e3 34. Qd5 Qc2 35. Qxh5 g6 36. Qf3 h5 37. Rd8 Rxd8 38. Rxd8+ Kg7 39. Qxe3 Qxa2 40. Qe5 1-0


[Site "https://www.chess.com"]

[Event "Titled Tuesday Blitz May 2 Early 2023"]
[White "Ibarra Jerez, Jose Carlos"]
[Black "Piesik, Piotr"]
[WhiteFideId "2226332"]
[BlackFideId "1136194"]
[WhiteElo "2638"]
[BlackElo "2299"]
[Result "1-0"]
[Round "10"]
[TimeControl "180+2"]
[Date "2023.05.03"]
[WhiteClock "0:00:00"]
[BlackClock "0:00:00"]

1. e4 c6 2. Nf3 d5 3. d3 g6 4. Qe2 Bg7 5. g3 Bg4 6. Nbd2 e6 7. Bg2 Nd7 8. O-O Ne5 9. h3 Nxf3+ 10. Nxf3 Bxf3 11. Bxf3 Qd7 12. h4 h5 13. Bg5 Bxb2 14. Rab1 Bf6 15. exd5 cxd5 16. c4 Bxg5 17. hxg5 Ne7 18. Qe5 O-O 19. Kg2 Nc6 20. Qf6 dxc4 21. dxc4 Rab8 22. g4 Qd4 23. gxh5 gxh5 24. Rh1 h4 25. Rxh4 Qxf6 26. gxf6 Ne5 27. Rbh1 Ng6 28. Rh7 Rfd8 29. Rg7+ Kf8 30. Rhh7 Rd3 31. Be4 Nf4+ 32. Kh2 1-0


[Site "https://www.chess.com"]

[Event "Titled Tuesday Blitz May 2 Early 2023"]
[White "Rustemov, Alexander"]
[Black "Girya, Olga"]
[WhiteFideId "4119002"]
[BlackFideId "4195752"]
[WhiteElo "2525"]
[BlackElo "2263"]
[Result "1-0"]
[Round "10"]
[TimeControl "180+2"]
[Date "2023.05.03"]
[WhiteClock "0:00:00"]
[BlackClock "0:00:00"]

1. d4 Nf6 2. c4 e6 3. Nf3 d5 4. cxd5 exd5 5. Nc3 Be7 6. Bg5 O-O 7. e3 c6 8. Bd3 h6 9. Bh4 Ne4 10. Bg3 Nxg3 11. hxg3 Nd7 12. Qc2 Re8 13. Rd1 Nf6 14. Ne5 Bd6 15. f4 Ng4 16. Qe2 Bxe5 17. dxe5 f6 18. Bg6 fxe5 19. Bxe8 Qxe8 20. Kd2 e4 21. Kc1 Be6 22. Kb1 Rd8 23. Rd2 Nf6 24. Nd1 c5 25. Nf2 d4 26. g4 d3 27. Qd1 c4 28. g5 Nd5 29. Nxe4 Nxe3 30. Qf3 Nd5 31. gxh6 Qg6 32. hxg7 c3 33. Nxc3 Nxc3+ 34. bxc3 Rd6 35. Qe3 Bf5 36. Qe5 Re6 37. Rh8+ Kf7 38. Qc7+ Re7 39. g8=Q+ Qxg8 40. Qxe7+ Kxe7 41. Rxg8 1-0


[Site "https://www.chess.com"]

[Event "Titled Tuesday Blitz May 2 Early 2023"]
[White "Jeet, Jain"]
[Black "Quesada Perez, Yuniesky"]
[WhiteFideId "5073022"]
[BlackFideId "3504409"]
[WhiteElo "2067"]
[BlackElo "2585"]
[Result "0-1"]
[Round "10"]
[TimeControl "180+2"]
[Date "2023.05.03"]
[WhiteClock "0:00:00"]
[BlackClock "0:00:00"]

1. Nf3 d5 2. g3 Bg4 3. Bg2 Nd7 4. d4 Ngf6 5. O-O e6 6. Nbd2 c6 7. c3 Be7 8. Re1 O-O 9. e4 a5 10. e5 Ne8 11. a4 c5 12. Bf1 Nc7 13. h3 Bh5 14. Bd3 Na6 15. Nf1 Bg6 16. Bxg6 fxg6 17. h4 Nab8 18. Ne3 Nc6 19. Ng2 Qe8 20. Nf4 Qf7 21. Kg2 cxd4 22. cxd4 Qf5 23. Be3 Nb4 24. Rh1 Rac8 25. Rc1 Rc6 26. Rxc6 bxc6 27. Ne1 c5 28. g4 Qe4+ 29. Qf3 cxd4 30. Qxe4 dxe4 31. Nxe6 dxe3 32. Nxf8 Bxf8 33. fxe3 Nxe5 34. Kg3 Ned3 35. b3 Bd6+ 36. Kg2 Nd5 37. Rh3 Nxe1+ 0-1


[Site "https://www.chess.com"]

[Event "Titled Tuesday Blitz May 2 Early 2023"]
[White "Mikhailovsky, Vladimir"]
[Black "Mendez Fortes, Eduardo Jesus"]
[WhiteFideId "34105414"]
[BlackFideId "3502376"]
[WhiteElo "2275"]
[BlackElo "2307"]
[Result "1-0"]
[Round "10"]
[TimeControl "180+2"]
[Date "2023.05.03"]
[WhiteClock "0:00:00"]
[BlackClock "0:00:00"]

1. e4 c5 2. c3 Nf6 3. e5 Nd5 4. Nf3 Nc6 5. Bc4 Nb6 6. Bb3 d5 7. exd6 Qxd6 8. O-O Be6 9. Bxe6 Qxe6 10. Re1 Qd7 11. a4 e6 12. a5 Nd5 13. a6 b6 14. d4 Rc8 15. Ne5 Nxe5 16. dxe5 Be7 17. Qg4 Kf8 18. Nd2 Nc7 19. Ne4 h6 20. Rd1 Qb5 21. Nd6 Bxd6 22. exd6 h5 23. Qh4 Nd5 24. Rxd5 exd5 25. Qe7+ Kg8 26. d7 Kh7 27. dxc8=Q Rxc8 28. Qxf7 Re8 29. Qxh5+ Kg8 30. Qxd5+ Kh8 31. Be3 Qxb2 32. Qh5+ 1-0


[Site "https://www.chess.com"]

[Event "Titled Tuesday Blitz May 2 Early 2023"]
[White "Tasev, Dejan"]
[Black "Maksimovic, Bojan"]
[WhiteFideId "936618"]
[BlackFideId "14408120"]
[WhiteElo "2244"]
[BlackElo "2468"]
[Result "1/2-1/2"]
[Round "10"]
[TimeControl "180+2"]
[Date "2023.05.03"]
[WhiteClock "0:00:01"]
[BlackClock "0:00:01"]

1. e4 g6 2. d4 Nf6 3. Nc3 d5 4. exd5 Nxd5 5. Bc4 Nxc3 6. bxc3 Bg7 7. Ne2 O-O 8. h4 c5 9. h5 cxd4 10. cxd4 Nc6 11. c3 e5 12. hxg6 hxg6 13. Be3 exd4 14. cxd4 Bg4 1/2-1/2


[Site "https://www.chess.com"]

[Event "Titled Tuesday Blitz May 2 Early 2023"]
[White "Bartel, Michal"]
[Black "Sieciechowicz, Marcin"]
[WhiteFideId "1119257"]
[BlackFideId "1130170"]
[WhiteElo "2282"]
[BlackElo "2302"]
[Result "1-0"]
[Round "10"]
[TimeControl "180+2"]
[Date "2023.05.03"]
[WhiteClock "0:00:00"]
[BlackClock "0:00:01"]

1. e4 e6 2. f4 d5 3. e5 c5 4. c3 Nc6 5. Nf3 f5 6. exf6 Qxf6 7. d4 Bd6 8. Ne5 Nge7 9. Be3 O-O 10. Bd3 cxd4 11. cxd4 Nxd4 12. Bxd4 Qxf4 13. g3 Qh6 14. Qd2 Qh3 15. Nc3 Nc6 16. Nxc6 Bxg3+ 17. Kd1 bxc6 18. Rg1 Bf4 19. Rxg7+ 1-0


[Site "https://www.chess.com"]

[Event "Titled Tuesday Blitz May 2 Early 2023"]
[White "Gontcharov, Vladislav"]
[Black "Vakhlamov, Igor L."]
[WhiteFideId "4123492"]
[BlackFideId "24126748"]
[WhiteElo "2420"]
[BlackElo "2400"]
[Result "0-1"]
[Round "10"]
[TimeControl "180+2"]
[Date "2023.05.03"]
[WhiteClock "0:00:00"]
[BlackClock "0:00:00"]

1. e4 c5 2. Nf3 e6 3. d4 cxd4 4. Nxd4 Nf6 5. Nc3 Nc6 6. Ndb5 Bc5 7. Bf4 O-O 8. Bd6 Qb6 9. Bxc5 Qxc5 10. Qd2 d5 11. exd5 exd5 12. O-O-O Bf5 13. f3 d4 14. Na4 Qd5 15. b3 Rac8 16. Kb2 a6 17. Nb6 Qc5 18. Nxc8 axb5 19. Ne7+ Qxe7 20. Bxb5 Ra8 21. a4 Rd8 22. Rhe1 Qd6 23. g4 Bg6 24. h4 h5 25. g5 Nd5 26. Bc4 Nb6 27. Bd3 Bxd3 28. Qxd3 Qb4 29. Kc1 Qa3+ 30. Kd2 Nd5 31. Re4 Nc3 32. Ke1 Nxe4 33. Qxe4 Qd6 34. Kf1 Qd7 35. Kg2 Re8 36. Qd3 Qc7 37. Qc4 Qf4 38. b4 Qxh4 39. b5 Qxg5+ 40. Kh2 Ne5 41. Qf1 Qf4+ 42. Kg2 Re6 43. Re1 Rg6+ 44. Kf2 Qh2+ 0-1


[Site "https://www.chess.com"]

[Event "Titled Tuesday Blitz May 2 Early 2023"]
[White "Reprintsev, Alexander"]
[Black "Seo, Jung Min"]
[WhiteFideId "14100541"]
[BlackFideId "1734687"]
[WhiteElo "2211"]
[BlackElo "2468"]
[Result "0-1"]
[Round "10"]
[TimeControl "180+2"]
[Date "2023.05.03"]
[WhiteClock "0:00:00"]
[BlackClock "0:00:00"]

1. e4 e5 2. Nf3 Nc6 3. Bc4 Nf6 4. Ng5 d5 5. exd5 Na5 6. Bb5+ c6 7. dxc6 bxc6 8. Bd3 Nd5 9. h4 h6 10. Qh5 Qf6 11. Ne4 Qe6 12. b3 Nf4 13. Qf3 f5 14. Ng3 g6 15. Bb2 Bg7 16. Nc3 O-O 17. O-O-O Rb8 18. Rhe1 c5 19. Na4 Qd6 20. Bf1 e4 21. Qe3 Bd4 22. Nxe4 fxe4 23. Qxe4 Bg4 24. f3 Bf5 25. Qe7 Qxe7 26. Rxe7 Nc6 27. Bc4+ Kh8 28. Rc7 Nb4 29. Nxc5 Bxb2+ 30. Kxb2 Bxc2 31. Re1 Rbc8 32. Ree7 Rxc7 33. Rxc7 Bf5 34. g4 Nfd3+ 35. Bxd3 Nxd3+ 36. Kc3 Nxc5 37. gxf5 Rxf5 38. d4 Rxf3+ 39. Kc4 Ne6 40. Rxa7 Rf4 41. Rd7 g5 42. hxg5 hxg5 43. a4 g4 44. Re7 Nxd4 45. Kd3 g3 46. Re1 Nf3 47. Rh1+ Kg8 48. Ke3 g2 49. Rh3 Rg4 0-1


[Site "https://www.chess.com"]

[Event "Titled Tuesday Blitz May 2 Early 2023"]
[White "Postny, Evgeny"]
[Black "Alinasab, Mobina"]
[WhiteFideId "2804344"]
[BlackFideId "12528897"]
[WhiteElo "2504"]
[BlackElo "2149"]
[Result "1-0"]
[Round "10"]
[TimeControl "180+2"]
[Date "2023.05.03"]
[WhiteClock "0:00:00"]
[BlackClock "0:00:00"]

1. e4 c5 2. Nf3 e6 3. d4 cxd4 4. Nxd4 Nf6 5. Nc3 Nc6 6. Ndb5 Bb4 7. a3 Bxc3+ 8. Nxc3 d5 9. exd5 exd5 10. Bd3 O-O 11. O-O d4 12. Ne2 Bg4 13. f3 Bh5 14. Nf4 Bg6 15. Nxg6 hxg6 16. Bf4 Nd5 17. Qd2 Nxf4 18. Qxf4 Qb6 19. b4 Ne7 20. Qe5 Nc6 21. Qg5 Qd8 22. Qg3 Ne7 23. Qg4 Qd6 24. Rfe1 b6 25. h4 Rad8 26. h5 gxh5 27. Qxh5 g6 28. Qh6 Qf6 29. Kf2 Nd5 30. Rh1 Qg7 31. Qg5 Ne3 32. Rh4 Rc8 33. Rah1 Nxc2 34. Rh6 Rfe8 35. Qh4 Qe5 36. Bxg6 Qe3+ 37. Kg3 Qe5+ 38. f4 Qg7 39. Rh8+ 1-0


[Site "https://www.chess.com"]